 Dungeon Crawl Stone Soup version 0.29.1-15-g9cfb28693d (webtiles) character file.

Game seed: 10181217696287527067

51 Dumbsterjedi the Poker (level 3, -2/28 HPs)
             Began as a Merfolk Gladiator on Mar 16, 2023.
             Slain by a gnoll
             ... wielding a +0 spear
              (3 damage)
             ... on level 3 of the Dungeon.
             The game lasted 00:14:54 (1040 turns).

Dumbsterjedi the Poker (Merfolk Gladiator)          Turns: 1040, Time: 00:15:04

Health: -2/28      AC:  3    Str: 16    XL:     3   Next: 83%
Magic:  3/3        EV: 13    Int:  7    God:
Gold:   70         SH:  3    Dex: 15    Spells: 2/2 levels left

rFire   . . .      SeeInvis .   p - +0 dagger (flame)
rCold   . . .      Faith    .   m - +0 buckler
rNeg    . . .      Spirit   .   b - +0 leather armour
rPois   +          Reflect  .   (helmet restricted)
rElec   .          Harm     .   (no cloak)
rCorr   .          Rampage  .   (no gloves)
Will    .....                   (no boots)
Stlth   +.........              (no amulet)
HPRegen 0.09/turn               (no ring)
MPRegen 0.08/turn               (no ring)

@: brilliant, lethally poisoned (-2 -> -3)
A: (nimble swimmer 2), mertail, horns 1, mutation resistance 1, poison
resistance
a: no special abilities


You were on level 3 of the Dungeon.
You visited 1 branch of the dungeon, and saw 3 of its levels.

You collected 70 gold pieces.

Inventory:

Hand Weapons
 a - a +0 trident
 h - a +0 club
 i - a +0 dagger
 p - a +0 dagger of flaming (weapon)
 s - a +0 dagger
 t - a +0 club
 u - a +0 mace
Missiles
 d - a throwing net
 e - a javelin (quivered)
 k - 6 stones
 o - 2 poisoned darts
Armour
 b - a +0 leather armour (worn)
 c - a +0 helmet
 g - a +0 leather armour
 m - a +0 buckler (worn)
Scrolls
 j - a scroll of summoning {unknown}
 l - 2 scrolls of amnesia {unknown}
 n - a scroll of fear {unknown}
 q - a scroll of identify {unknown}


   Skills:
 + Level 2.4 Fighting
 + Level 0.1 Short Blades
 + Level 4.9 Polearms
 + Level 2.2 Throwing
 + Level 0.4 Armour
 + Level 4.7 Dodging
 + Level 0.6 Stealth


You had 2 spell levels left.
You didn't know any spells.
Your spell library contained the following spells:

 Spells                   Type           Power      Damage    Failure   Level
 Freeze                   Ice            0%         1d3       61%         1
 Frozen Ramparts          Ice            0%         1d1       93%         3
 Hailstorm                Conj/Ice       0%         3d3       100%        4


Dungeon Overview and Level Annotations

Branches:
Dungeon (3/15)

Altars:


Innate Abilities, Weirdness & Mutations

((You are very nimble when in or above water. (Stealth+, EV+, Speed+++)))
Your lower body shifts to a powerful aquatic tail in water.
You have a pair of small horns on your head.
You are somewhat resistant to further mutation.
Your system is resistant to poisons. (rPois)


Message History

You barely miss the gnoll.
The gnoll shouts! x2
The gnoll barely misses you.
You hit the gnoll. You burn the gnoll.
The gnoll is moderately wounded.
The gnoll hits you with a +0 spear! The adder barely misses you.
You closely miss the gnoll.
The gnoll is moderately wounded.
The adder closely misses you. The gnoll barely misses you.
You hit the gnoll. You burn the gnoll.
The gnoll is lightly wounded.
The adder bites you.
You are poisoned.
The adder poisons you! The gnoll hits you with a +0 spear.
The gnoll barely misses you. The gnoll closely misses you.
You barely miss the gnoll.
The gnoll is lightly wounded.
You feel sick. The adder misses you. The gnoll barely misses you.
The gnoll hits you with a +0 club.
* * * LOW HITPOINT WARNING * * *
The gnoll barely misses you. You block the adder's attack.
It was a potion of brilliance.
You feel clever all of a sudden.
You feel sick. The gnoll barely misses you. The adder barely misses you.
The gnoll hits you with a +0 club.
* * * LOW HITPOINT WARNING * * *
The gnoll misses you.
You hit the gnoll. You burn the gnoll.
The gnoll is heavily wounded.
* * * LOW HITPOINT WARNING * * *
You feel sick. You block the adder's attack. The gnoll barely misses you.
The gnoll closely misses you. x2
It was a potion of mutation.
You feel extremely strange. A pair of horns grows on your head!
Your +0 helmet falls away!
You feel genetically stable.
You feel resistant to poisons.
* * * LOW HITPOINT WARNING * * *
You feel sick. The adder bites you but does no damage.
The gnoll hits you with a +0 spear.
You die...

...##..###
##..##.## #
#..##.#
.#.##.>#..#
.........##
...##†..##
....#...#
...).$..S#
....#..g@#
#.. ##.gg#
#. #...#
.....#
##.....
..#.##
##... ##..


You could see 3 gnolls and an adder.

Vanquished Creatures
  An adder (D:2)
  A worm (D:2)
  A dart slug (D:2)
  2 endoplasms
  A goblin (D:2)
  10 hobgoblins
  4 jackals (D:2)
  3 kobolds
  A quokka (D:1)
  3 bats
  3 frilled lizards (D:2)
  4 rats
34 creatures vanquished.

Notes
Turn   | Place    | Note
-------+----------+-------------------------------------------
     0 | D:1      | Dumbsterjedi the Merfolk Gladiator began the quest for the
                  | Orb.
     0 | D:1      | Reached XP level 1. HP: 16/16 MP: 1/1
    57 | D:1      | Reached XP level 2. HP: 10/22 MP: 2/2
   457 | D:2      | Found a faded altar of an unknown god.
   558 | D:2      | Reached XP level 3. HP: 23/28 MP: 3/3
  1039 | D:3      | HP: 1/28 [poisoned by an adder]
  1040 | D:3      | Gained mutation: You have a pair of small horns on your
                  | head. [potion of mutation]
  1040 | D:3      | Gained mutation: You are somewhat resistant to further
                  | mutation. [potion of mutation]
  1040 | D:3      | Gained mutation: Your system is resistant to poisons.
                  | (rPois) [potion of mutation]
  1040 | D:3      | Slain by a gnoll

Illustrated notes

Levels and vault maps discovered:
D:1:      lemuel_arrival_lava_pool, layout_rooms, minmay_misc_feat_tiny
D:2:      layout_rooms, serial_glass, glass_columns_c, glass_columns_a,
          nicolae_ecumenical_pavilion
D:3:      layout_rooms, nicolae_overflow_hidden_temple,
          nicolae_vehumet_altar_sigil, serial_shops, nicolae_shop_trees,
          uniq_robin

Action                   || total
-------------------------++-------
Melee: Trident           ||   109
       Dagger            ||    36
Throw: Throwing net      ||     4
       Javelin           ||     3
       Stone             ||     4
  Use: Potion            ||     5
       Scroll            ||     1
Armor: Leather armour    ||    58
Dodge: Dodged            ||   159
Block: Buckler           ||     6
